Map: [EWC] Site Delta

Players

Oliveira

  • Race: Terran Terran
  • Spawn Location: 5:00

Maru - Winner!

  • Race: Terran Terran
  • Spawn Location: 11:00

Event: Esports World Cup 2024

VOD

Have the link to the VOD?

Description

Time

  • Played on: Aug. 15, 2024, 5:33 a.m.
  • Length: 12:51

All games in this series

Show
View Real Time Build Order
Export as new Build Order

Oliveira Terran 

Build Orders: Cyclone Opening, Gas First Reaper Expand 

Get SALT Encoding   

  12  0:00  SCV  
  13  0:12  SCV  
  14  0:17  Supply Depot  
  14  0:24  SCV  
  15  0:28  Refinery  
  15  0:39  SCV  
  16  0:44  Barracks  
  16  0:51  SCV  
  17  1:03  SCV  
  18  1:15  SCV  
  19  1:31  Orbital Command, Reaper  
  20  1:45  Command Center  
  20  1:56  Factory  
  20  1:59  SCV  
  21  2:04  Marine  
  22  2:10  Supply Depot  
  22  2:12  SCV  
  23  2:22  Refinery  
  23  2:31  Marine  
  23  2:32  SCV  
  25  2:39  Cyclone  
  25  2:43  Starport  
  28  2:44  SCV  
  28  2:54  Barracks Reactor  
  28  2:56  SCV  
  29  3:00  Orbital Command  
  29  3:06  Orbital Command  
  29  3:08  SCV  
  29  3:11  Factory Tech Lab  
  30  3:19  Starport Tech Lab  
  30  3:20  SCV  
  31  3:28  Refinery  
  31  3:31  Siege Tank  
  31  3:32  SCV x2  
  36  3:35  Marine  
  36  3:36  Marine  
  38  3:41  Supply Depot  
  38  3:44  SCV x2  
  40  3:54  Raven  
  42  3:56  SCV x2  
  42  4:02  Command Center  
  44  4:06  Interference Matrix  
  44  4:08  SCV x2  
  46  4:15  Marine x2  
  46  4:16  Supply Depot  
  48  4:20  SCV  
  48  4:23  Siege Tank  
  52  4:24  SCV  
  53  4:32  SCV  
  53  4:38  Raven, SCV, Supply Depot  
  57  4:45  SCV  
  59  4:50  SCV  
  59  4:54  Barracks  
  59  4:57  SCV  
  60  5:02  Barracks  
  60  5:06  Engineering Bay x2  
  60  5:07  SCV, Marine  
  60  5:08  Factory Reactor, Stimpack  
  60  5:09  SCV  
  60  5:12  Raven  
  65  5:17  Orbital Command  
  65  5:20  SCV  
  66  5:21  SCV  
  67  5:30  Barracks  
  67  5:32  SCV  
  67  5:33  SCV  
  67  5:34  Barracks  
  69  5:36  Terran Infantry Weapons Level 1  
  69  5:37  Terran Infantry Armor Level 1  
  69  5:41  Refinery  
  69  5:43  Supply Depot  
  69  5:47  SCV  
  70  5:51  SCV  
  70  5:53  Marine x2  
  70  5:56  Starport Reactor, Marine x2  
  75  5:57  Supply Depot  
  75  6:00  Siege Tank, Marine  
  79  6:05  SCV x2  
  79  6:09  Supply Depot  
  79  6:11  Marine x2  
  82  6:15  Marine  
  84  6:19  Marine  
  84  6:20  Supply Depot x2  
  84  6:21  Barracks Reactor  
  84  6:22  Barracks Reactor  
  85  6:28  Marine  
  85  6:32  Marine  
  80  6:34  Orbital Command  
  80  6:35  Siege Tank, Marine x2  
  86  6:40  Supply Depot, Marine  
  86  6:46  Marine  
  88  6:50  Marine  
  88  6:52  Marine, Medivac x2  
  88  6:53  SCV x2, Marine  
  97  6:54  Combat Shield  
  97  6:57  Marine  
  97  6:58  Marine  
  97  7:00  SCV  
  100  7:01  Marine x2  
  100  7:05  SCV, Marine  
  100  7:06  Armory  
  100  7:07  SCV  
  106  7:11  Marine  
  106  7:12  Marine x2  
  106  7:13  SCV  
  106  7:14  Supply Depot  
  110  7:16  Siege Tank  
  110  7:17  SCV, Marine  
  114  7:23  Marine x2  
  114  7:25  Marine  
  114  7:26  Medivac x2  
  114  7:27  SCV  
  114  7:28  SCV, Marine  
  124  7:33  Marine  
  125  7:37  Supply Depot, Marine  
  125  7:41  Marine  
  125  7:42  Marine  
  128  7:47  Marine  
  128  7:50  Marine  
  129  7:53  Siege Tank  
  129  7:54  Marine x2  
  129  7:55  Command Center  
  129  7:56  Marine  
  127  8:09  Marine  
  127  8:10  Marine x5  
  127  8:11  Marine  
  127  8:12  Marine  
  112  8:14  Marine  
  112  8:19  Liberator x2  
  104  8:25  Siege Tank  
  87  8:27  Marine  
  87  8:28  Marine x4  
  87  8:29  Marine  
  87  8:33  Marine  
  92  8:34  Marine  
  92  8:37  Marine  
  92  8:40  Terran Infantry Armor Level 2  
  85  8:45  Marine  
  85  8:46  Marine x3  
  85  8:48  Marine  
  85  8:52  Marine  
  79  9:05  Marine  
  79  9:08  Orbital Command  
  66  9:11  Marine  
  66  9:12  Marine  
  66  9:14  Marine  
  66  9:15  Marine  
  66  9:17  Marine  
  59  9:19  Planetary Fortress  
  59  9:20  Marine  
  60  9:27  Marine  
  60  9:28  Marine  
  60  9:29  Marine  
  62  9:34  Marine  
  62  9:36  Marine  
  62  9:37  Marine  
  65  9:40  Marine  
  65  9:44  Marine  
  68  9:48  Marine  
  66  9:55  Marine  
  66  9:57  Marine  
  66  9:58  Marine  
  66  9:59  Marine  
  67  10:00  Siege Tank  
  67  10:02  Marine  
  67  10:03  Marine  
  67  10:06  Marine  
  72  10:08  Marine  
  72  10:12  Liberator  
  76  10:14  Marine  
  77  10:24  Marine  
  75  10:31  Marine  
  75  10:33  Marine  
  75  10:34  Marine  
  42  10:41  Marine  
  37  10:45  Siege Tank  
  37  10:46  Marine x2  
  37  10:48  Marine  
  45  10:50  SCV x2, Marine  
  45  10:51  Marine  
  45  10:53  Marine  
  45  10:55  Supply Depot  
  48  10:59  Marine, Medivac  
  48  11:02  SCV  
  52  11:04  Marine  
  52  11:06  Marine  
  54  11:11  Marine  
  54  11:13  Marine x2  
  54  11:17  SCV  
  58  11:25  Marine  
  55  11:26  Marine x2  
  59  11:33  SCV, Marine  
  59  11:37  Marine  
  61  11:41  Supply Depot  
  61  11:43  Marine  
  61  11:45  Marine  
  60  11:49  Marine  
  60  11:51  Marine  
  62  11:58  Marine  
  63  12:02  Marine  
  63  12:06  Marine  
  63  12:22  Marine  
Show
View Real Time Build Order
Export as new Build Order

Maru Terran - Winner!

Build Orders: Gas First Reaper Expand, Hellion Opening 

Get SALT Encoding   

  12  0:00  SCV  
  13  0:12  SCV  
  14  0:16  Supply Depot  
  14  0:24  SCV  
  15  0:28  Refinery  
  15  0:38  SCV  
  16  0:42  Barracks  
  16  0:50  SCV  
  17  1:02  SCV  
  18  1:14  SCV  
  19  1:29  Orbital Command, Reaper  
  20  1:42  Command Center  
  20  1:53  Factory  
  20  1:57  SCV  
  21  2:06  Supply Depot  
  21  2:09  SCV  
  21  2:11  Barracks Reactor  
  22  2:17  Refinery  
  22  2:21  SCV  
  23  2:34  SCV  
  24  2:44  Starport  
  24  2:46  SCV  
  25  2:53  Hellion x2  
  25  2:54  Orbital Command  
  25  2:58  SCV  
  30  3:01  Barracks Tech Lab  
  30  3:10  SCV  
  31  3:14  Hellion x2  
  35  3:20  SCV  
  35  3:22  SCV  
  35  3:23  Supply Depot  
  37  3:27  Raven  
  37  3:32  SCV  
  40  3:34  SCV  
  40  3:38  Hellion x2  
  45  3:42  Barracks Tech Lab  
  45  3:44  SCV  
  45  3:46  SCV  
  45  3:48  Supply Depot  
  47  4:00  SCV x2  
  47  4:01  Raven  
  51  4:07  Cyclone  
  51  4:09  Cyclone  
  55  4:10  Supply Depot  
  55  4:12  SCV x2  
  57  4:22  Command Center  
  57  4:24  SCV  
  57  4:30  Refinery  
  58  4:32  Interference Matrix  
  58  4:33  SCV  
  58  4:36  Supply Depot, SCV  
  60  4:43  Raven  
  60  4:45  SCV  
  63  4:48  SCV  
  63  4:56  Marine  
  63  4:57  SCV, Marine, Refinery  
  66  5:00  SCV  
  66  5:03  Siege Tank  
  66  5:04  Barracks  
  66  5:05  Barracks  
  70  5:09  SCV  
  70  5:12  Supply Depot  
  70  5:13  SCV  
  72  5:16  Marine x2  
  74  5:21  SCV  
  74  5:25  SCV  
  74  5:26  Engineering Bay  
  74  5:28  Engineering Bay  
  76  5:33  SCV  
  77  5:36  Orbital Command  
  77  5:37  SCV  
  77  5:41  Siege Tank  
  83  5:45  SCV  
  83  5:49  SCV  
  87  5:51  Marine, Stimpack  
  87  5:52  Barracks Tech Lab  
  87  5:56  Barracks  
  84  5:57  Barracks  
  84  5:58  SCV, Starport Reactor  
  84  5:59  Orbital Command, Terran Infantry Weapons Level 1  
  84  6:00  Terran Infantry Armor Level 1  
  85  6:05  Marine x2  
  85  6:09  SCV, Marine  
  89  6:13  Siege Tank  
  89  6:14  SCV  
  93  6:19  Supply Depot  
  93  6:21  Combat Shield, Marine  
  93  6:23  SCV, Marine  
  96  6:27  SCV  
  96  6:32  Marine x2  
  99  6:33  SCV  
  99  6:35  SCV  
  99  6:36  Supply Depot  
  101  6:40  Marine  
  101  6:41  Marine  
  101  6:42  SCV  
  101  6:45  Siege Tank  
  100  6:49  Marine  
  100  6:50  Marine  
  100  6:52  Barracks Reactor x2  
  97  6:55  SCV  
  97  6:58  Marine x2  
  97  6:59  SCV x2  
  100  7:05  Medivac  
  100  7:07  SCV, Marine x2  
  105  7:11  SCV x2  
  107  7:16  Marine x2, Medivac  
  107  7:17  Siege Tank  
  107  7:19  SCV  
  112  7:23  SCV  
  112  7:25  Marine x2  
  112  7:26  SCV  
  114  7:30  Supply Depot  
  114  7:33  Armory  
  114  7:34  Marine x2  
  116  7:37  Marine  
  116  7:41  SCV x2, Marine x2  
  116  7:43  Marine x2  
  116  7:44  Medivac  
  125  7:51  Marine  
  125  7:52  Marine x2, Medivac  
  125  7:55  Marine  
  131  8:02  Marine x2  
  130  8:09  Marine x3  
  130  8:10  Siege Tank  
  130  8:11  Marine x2  
  123  8:13  Marine  
  123  8:14  Medivac  
  122  8:20  Marine x2  
  122  8:27  Marine x3  
  112  8:29  Marine x2  
  112  8:30  Marine  
  107  8:38  SCV, Marine x2  
  94  8:44  Marine  
  94  8:45  Marine x2  
  94  8:46  Marine  
  94  8:47  Marine  
  94  8:48  Marine  
  95  8:56  Marine x2  
  95  9:02  Marine x2  
  95  9:03  Marine  
  90  9:10  Marine  
  90  9:14  Terran Infantry Armor Level 2, Terran Infantry Weapons Level 2  
  78  9:17  SCV x2  
  78  9:20  Marine  
  81  9:26  Marine  
  81  9:30  Marine  
  83  9:32  Medivac  
  83  9:34  SCV  
  86  9:41  Marine x3  
  86  9:43  Marine  
  90  9:48  SCV x2  
  92  9:55  Factory Tech Lab  
  84  10:00  SCV x2  
  86  10:12  SCV, Marine x2  
  86  10:13  SCV, Marine  
  91  10:18  Marine x3  
  94  10:23  Siege Tank  
  94  10:25  SCV x2  
  99  10:31  Marine x4  
  79  10:35  Marine  
  79  10:36  Marine x2  
  79  10:37  SCV x2  
  75  10:49  SCV x2, Marine x4  
  81  10:50  Liberator  
  81  10:51  Marine  
  81  10:53  Marine  
  81  10:54  Marine x2  
  81  10:57  Siege Tank  
  91  11:03  Medivac  
  93  11:06  Marine  
  93  11:07  Marine x3  
  93  11:09  Marine  
  98  11:11  Marine x3  
  101  11:24  Marine x3  
  101  11:25  Marine  
  96  11:26  Marine  
  96  11:30  Siege Tank  
  96  11:31  Marine  
  96  11:32  Marine x2  
  99  11:34  Medivac x2  
  103  11:42  Marine x4  
  103  11:44  Marine  
  105  11:49  Marine x2  
  105  11:50  Marine  
  106  12:00  Marine x4  
  110  12:04  SCV, Medivac  
  110  12:08  Marine x2, Medivac  
  117  12:15  Marine  
  117  12:19  Supply Depot  
  118  12:23  Supply Depot  
  118  12:28  Marine x3  
Tags
 
Add a new tag
Caveats
  • Supply blocks, unpowered buildings, or Contaminate may cause inaccurate times.
  • Supply counts are checked every 10 seconds.